 Dungeon Crawl Stone Soup version 0.24.0-37-gcf1ca852f1 (webtiles) character file.

Game seed: 3459476457086791053, levelgen mode: deterministic

1759 DildoBatman the Conjurer (level 9, 0/57 HPs)
             Began as a Formicid Wizard on Nov 26, 2019.
             Was a Priest of Kikubaaqudgha.
             Slain by a killer bee (8 damage)
             ... on level 6 of the Dungeon.
             The game lasted 00:22:32 (6771 turns).

DildoBatman the Conjurer (Formicid Wizard)          Turns: 6771, Time: 00:22:32

Health: 0/57       AC:  7    Str: 22    XL:     9   Next: 27%
Magic:  0/12       EV: 12    Int: 21    God:    Kikubaaqudgha [***...]
Gold:   253        SH:  0    Dex: 11    Spells: 2/14 levels left

rFire    . . .     SeeInvis +   a - +4 short sword
rCold    . . .     Gourm    .   (no shield)
rNeg     . . .     Faith    +   z - +2 leather armour {MR+}
rPois    +         Spirit   .   (helmet unavailable)
rElec    .         Reflect  .   (no cloak)
rCorr    .         Harm     .   y - +0 pair of gloves
MR       +....                  G - +0 pair of boots
Stlth    ++........             k - amulet of faith
HPRegen  0.19/turn              m - +5 ring of strength
MPRegen  0.13/turn              t - ring of poison resistance

@: mighty, lethally poisoned (0 -> -1), marked
A: permanent stasis, dig shafts and tunnels, four strong arms, antennae 3, agile
1, low mp 1, sturdy frame 1
a: Dig, Shaft Self, Receive Corpses, Renounce Religion


You were on level 6 of the Dungeon.
You worshipped Kikubaaqudgha.
Kikubaaqudgha was most pleased with you.
You were hungry.

You visited 2 branches of the dungeon, and saw 8 of its levels.

You collected 253 gold pieces.

Inventory:

Hand Weapons
 a - a +4 short sword (weapon)
 b - a +0 hunting sling
 d - a +3 flail of crushing
 e - a +0 trident
Missiles
 c - 87 stones
 l - 4 boomerangs
 n - 51 sling bullets
 r - 99 arrows
 w - 50 poisoned darts (quivered)
 A - 43 bolts
 K - 5 boomerangs of dispersal
Armour
 y - a +0 pair of gloves (worn)
 z - a +2 leather armour of magic resistance (worn)
 G - a +0 pair of boots (worn)
 J - a +2 leather armour of fire resistance
Jewellery
 g - a +2 amulet of reflection
 k - an amulet of faith (around neck)
 m - a +5 ring of strength (left hand)
 t - a ring of poison resistance (right hand)
Scrolls
 f - 4 scrolls of identify {unknown}
 i - a scroll of immolation {unknown}
 p - a scroll of fog {unknown}
 q - a scroll of amnesia {unknown}
 x - 3 scrolls of remove curse
 B - 2 scrolls of enchant weapon {unknown}
 C - a scroll of magic mapping
 D - a scroll of vulnerability {unknown}
Potions
 h - 2 potions of mutation
 j - a potion of brilliance {unknown}
 o - a potion of lignification {unknown}
 s - a potion of ambrosia {unknown}
 u - 2 potions of might
 E - a potion of resistance {unknown}
 F - 2 potions of heal wounds
 H - a potion of berserk rage {unknown}
Comestibles
 v - 9 rations
 I - 11 chunks of flesh


   Skills:
 - Level 1.7 Dodging
 - Level 2.4 Stealth
 - Level 3.2 Spellcasting
 - Level 6.0 Conjurations
 - Level 4.0 Charms
   Level 1.0 Summonings
 * Level 4.0 Necromancy
   Level 0.8 Translocations
 * Level 4.6 Fire Magic
 * Level 3.9 Air Magic


You had 2 spell levels left.
You knew the following spells:

 Your Spells              Type           Power        Failure   Level  Hunger
a - Conjure Flame         Conj/Fire      ####....     4%          3    ###....
c - Magic Dart            Conj           ####         1%          1    None
d - Regeneration          Chrm/Necr      ###.......   8%          3    ###....
e - Mephitic Cloud        Conj/Pois/Air  ###.....     11%         3    ###....
z - Sublimation of Blood  Necr           ###.......   3%          2    ##.....

Your spell library contained the following spells:

 Spells                   Type           Power        Failure   Level  Hunger
 Pain                     Necr           ###.         2%          1    None
 Corpse Rot               Necr           N/A          3%          2    ##.....
 Corona                   Hex            #......      14%         1    None
 Call Imp                 Summ           #.......     14%         2    ##.....
 Ensorcelled Hibernation  Hex/Ice        #.....       21%         2    ##.....
 Slow                     Hex            #.......     21%         2    ##.....
 Dazzling Spray           Conj/Hex       ###...       12%         3    ###....
 Confuse                  Hex            #.......     38%         3    ###....
 Tukima's Dance           Hex            #.......     38%         3    ###....
 Blink                    Tloc           Unusable     N/A         2    N/A

Dungeon Overview and Level Annotations

Branches:
Dungeon (7/15)             Temple (1/1) D:4

Altars:
Ashenzari
Cheibriados
Dithmenos
Elyvilon
Fedhas
Gozag
Hepliaklqana
Kikubaaqudgha
Makhleb
Nemelex Xobeh
Okawaru
Qazlal
Sif Muna
Trog
Uskayaw
Vehumet
Wu Jian
Xom
Yredelemnul
The Shining One

Annotations:
D:7 Harold


Innate Abilities, Weirdness & Mutations

You cannot be hasted, slowed, berserked, paralysed or teleported.
You can dig through walls and to a lower floor.
Your four strong arms can wield two-handed weapons with a shield.
You have a pair of large antennae on your head. (SInv)
You are agile. (Dex +2)
Your magical capacity is low. (-10% MP)
Your movements are slightly less encumbered by armour. (ER -2)


Message History

Casting: Mephitic Cloud (safe; 11% risk of failure)
Confirm with . or Enter, or press ? or * to list all spells.
Aiming: Mephitic Cloud (safe; 11% risk of failure)
Press: ? - help, Shift-Dir - straight line, f - killer bee
Aim: a killer bee The ball explodes into a vile cloud!
The stinking cloud engulfs the killer bee but does no damage.
The stinking cloud engulfs the hound but does no damage.
The hound is lightly wounded.
The stinking cloud engulfs you but does no damage.
The killer bee is engulfed in noxious fumes.
The killer bee appears confused.
The killer bee barely misses you.
The hound is engulfed in noxious fumes.
The hound appears confused.
The killer bee is engulfed in noxious fumes.
The killer bee appears confused.
The killer bee stings you!
You die...
Kikubaaqudgha rasps: "You have failed me!
Welcome... death!"

##.## #.# ##.###.######.#.# #.#
#.# ### #.# #.... #.# #.# #.#
#...# #.# #.# #.######...# #.#
#.###########.##........ ####.#
#.......h...#.##.###.... .....#
##.....§.....)...# #...# .#####
#.####y###.#.#### #...#
.##########.# #@# #.#.# #....
...<........########.#.######...#
.#######.............#..........#
.# #.##########..#########... .#
#..## #..# #.## .# #.#.## #..#
#.# .# #.##.#######).# #.# )####
#.##..........# #.#
.##.####.##.#.....÷..# #.#


You could see a hound (confused) and a killer bee (confused).

Vanquished Creatures
  Edmund (D:6)
  Duvessa (D:7)
  2 sky beasts (D:6)
  2 ogres (D:4)
  2 centaurs
  4 bullfrogs
  Dowan (D:7)
  2 scorpions
  2 killer bees (D:7)
  A howler monkey (D:6)
  A centaur zombie (D:6)
  2 crimson imps
  A hound (D:6)
  An orc priest (D:6)
  An orc wizard (D:3)
  2 iguanas (D:6)
  4 worker ants
  A hound skeleton (D:6)
  7 adders
  A shadow imp (D:5)
  2 adder skeletons (D:4)
  A worm (D:4)
  7 dart slugs
  4 leopard geckos
  8 orcs
  2 ball pythons (D:1)
  8 bats
  6 giant cockroaches
  8 goblins
  3 hobgoblins
  19 jackals
  5 kobolds
  3 quokkas (D:5)
  2 frilled lizards
  A jackal zombie (D:6)
  8 rats
126 creatures vanquished.

Vanquished Creatures (others)
  An orc wizard (D:4)
1 creature vanquished.

Grand Total: 127 creatures vanquished

Notes
Turn   | Place    | Note
-------+----------+-------------------------------------------
     0 | D:1      | DildoBatman the Formicid Wizard began the quest for the
                  | Orb.
     0 | D:1      | Reached XP level 1. HP: 13/13 MP: 4/4
   102 | D:1      | Reached skill level 1 in Conjurations
   327 | D:1      | Reached XP level 2. HP: 19/19 MP: 3/6
   467 | D:1      | Reached skill level 2 in Conjurations
   726 | D:1      | Reached XP level 3. HP: 24/24 MP: 2/7
   731 | D:1      | Learned a level 3 spell: Conjure Flame
   735 | D:1      | Learned a level 3 spell: Mephitic Cloud
  1355 | D:1      | Reached skill level 3 in Conjurations
  1623 | D:2      | You fall into a shaft and drop 2 floors!
  1682 | D:4      | Found a staircase to the Ecumenical Temple.
  1691 | Temple   | Entered the Ecumenical Temple
  1764 | Temple   | Became a worshipper of Kikubaaqudgha
  1816 | D:4      | Reached XP level 4. HP: 21/30 MP: 0/8
  2726 | D:4      | Found a bloodstained altar of Trog.
  2814 | D:4      | Noticed an ogre
  2839 | D:4      | Killed an ogre
  2839 | D:4      | Reached skill level 4 in Conjurations
  2839 | D:4      | Reached XP level 5. HP: 35/35 MP: 5/9
  2908 | D:3      | Found an iron altar of Okawaru.
  3126 | D:3      | Reached XP level 6. HP: 40/41 MP: 4/10
  3147 | D:3      | Reached skill level 5 in Conjurations
  3204 | D:3      | Reached * piety under Kikubaaqudgha
  3204 | D:3      | Identified Kikubaaqudgha's Guide on Necromancy
                  | (Kikubaaqudgha gifted it to you on level 3 of the Dungeon)
  3204 | D:3      | Received a gift from Kikubaaqudgha
  3209 | D:3      | Learned a level 2 spell: Sublimation of Blood
  3316 | D:3      | Found a hazy altar of Hepliaklqana.
  4256 | D:4      | Noticed an ogre
  4283 | D:4      | Killed an ogre
  4417 | D:4      | Found a shimmering altar of Xom.
  4786 | D:5      | Entered Level 5 of the Dungeon
  4792 | D:5      | Reached skill level 6 in Conjurations
  4830 | D:4      | Reached XP level 7. HP: 44/46 MP: 7/11
  4872 | D:4      | Reached skill level 1 in Fire Magic
  4878 | D:5      | Reached skill level 1 in Air Magic
  4994 | D:5      | Found a basalt altar of Yredelemnul.
  5268 | D:5      | Found a snail-covered altar of Cheibriados.
  5414 | D:5      | Learned a level 3 spell: Regeneration
  5496 | D:6      | Reached ** piety under Kikubaaqudgha
  5538 | D:6      | Reached skill level 1 in Charms
  5538 | D:6      | Reached skill level 1 in Necromancy
  5624 | D:6      | Reached XP level 8. HP: 42/52 MP: 3/12
  5630 | D:6      | Noticed Edmund
  5726 | D:6      | Killed Edmund
  6499 | D:7      | Noticed Duvessa
  6511 | D:7      | Noticed Dowan
  6541 | D:7      | Killed Duvessa
  6541 | D:7      | Reached XP level 9. HP: 25/57 MP: 2/13
  6562 | D:7      | Killed Dowan
  6728 | D:7      | Noticed Harold
  6754 | D:7      | Reached *** piety under Kikubaaqudgha
  6754 | D:7      | Identified Kikubaaqudgha's Tome of Evil Rites
                  | (Kikubaaqudgha gifted it to you on level 7 of the Dungeon)
  6754 | D:7      | Received a gift from Kikubaaqudgha
  6761 | D:7      | Gained mutation: Your magical capacity is low. (-10% MP)
                  | [potion of mutation]
  6761 | D:7      | Gained mutation: Your movements are slightly less
                  | encumbered by armour. (ER -2) [potion of mutation]
  6761 | D:7      | Gained mutation: You are agile. (Dex +2) [potion of
                  | mutation]
  6771 | D:6      | Slain by a killer bee

Levels and vault maps discovered:
D:1:      minmay_arrival_diagonal_passages, layout_loops_corners,
          minmay_box_of_dots
D:2:      layout_basic
D:3:      lemuel_upstairs_altar, layout_rooms, nicolae_overflow_crystal_walls
D:4:      layout_rooms, lemuel_round_altar, lightli_temple_of_fire,
          lemuel_temple_firewalk_b, first_ration, serial_co_window_serial,
          co_window_paths_a, co_window_corner_a, co_window_corner_a,
          co_window_of_opportunity_a, co_window_paths_a, co_window_corner_ca,
          co_window_corner_cb, co_window_unsneaky_path_c,
          co_window_of_opportunity_b, co_window_4corner_b, glass_columns_c,
          glass_columns_a, chequers_serial_rivers_small_3
D:5:      layout_rooms, yredelemnul_altar_generic, lemuel_doored_altar,
          guppyfry_early_lair_pool
D:6:      layout_loops_ring, uniq_edmund
D:7:      layout_cave_pools, uniq_harold, uniq_duvessa, uniq_menkaure
Temple:   eino_wide_crystal_templ

Skill      XL: |  1  2  3  4  5  6  7  8  9 |
---------------+----------------------------+-----
Conjurations   | 1 2 3 4 6 |  6.0
Fire Magic     | 2 4 |  4.6
Air Magic      | 2 3 |  3.9
Charms         | 1 3 4 |  4.0
Necromancy     | 1 3 4 |  4.0
Dodging        | |  1.7
Stealth        | |  2.4
Spellcasting   | |  3.2
Summonings     | |  1.0
Translocations | |  0.8

Action                   |  1- 3 |  4- 6 |  7- 9 || total
-------------------------+-------+-------+-------++-------
Melee: Short sword       |     6 |       |    24 ||    30
       Trident           |     2 |     1 |     9 ||    12
       Falchion          |       |    39 |    23 ||    62
       Flail             |       |       |    25 ||    25
 Fire: Hunting sling     |       |    24 |   102 ||   126
Throw: Stone             |       |       |     1 ||     1
       Dart              |       |       |     3 ||     3
 Cast: Magic Dart        |    90 |    79 |    46 ||   215
       Mephitic Cloud    |       |     9 |    28 ||    37
       Conjure Flame     |       |     3 |     9 ||    12
       Regeneration      |       |       |     3 ||     3
 Abil: Dig               |       |     6 |    14 ||    20
  Use: Scroll            |     2 |       |       ||     2
       Potion            |       |       |     3 ||     3
 Stab: Sleeping          |     1 |       |       ||     1
       Confused          |       |     4 |     4 ||     8
  Eat: Chunk             |     2 |     7 |    12 ||    21
       Ration            |       |     1 |       ||     1
Armor: Robe              |     6 |     8 |       ||    14
       Leather armour    |       |     3 |    53 ||    56
Dodge: Dodged            |    40 |    43 |    98 ||   181
       Rpst.: Falchion   |       |     7 |     5 ||    12
